 Dungeon Crawl Stone Soup version 0.28-a0-381-g937acc2988 (webtiles) character file.

Game seed: 14161684304452394259

440 hatdisgam the Covert (level 6, -4/32 HPs)
             Began as a Spriggan Brigand on Sept 2, 2021.
             Slain by an ogre (36 damage)
             ... on level 6 of the Dungeon.
             The game lasted 00:11:12 (7800 turns).

hatdisgam the Covert (Spriggan Brigand)             Turns: 7800, Time: 00:11:13

Health: -4/32      AC:  3    Str: 19    XL:     6   Next: 70%
Magic:  7/7        EV: 17    Int: 12    God:
Gold:   163        SH:  8    Dex: 19    Spells: 5/5 levels left

rFire   . . .      SeeInvis +   a - +2 dagger
rCold   . . .      Faith    .   y - +2 buckler
rNeg    . . .      Spirit   .   b - +0 robe
rPois   .          Reflect  .   (helmet restricted)
rElec   .          Harm     .   c - +0 cloak
rCorr   .          Rampage  .   (gloves unavailable)
Will    +....                   (boots unavailable)
Stlth   ++++......              (no amulet)
HPRegen 0.10/turn               m - +6 ring of strength
MPRegen 0.10/turn               w - +6 ring of strength

@: very quick
A: very small, no large weapons, unfitting armour, see invisible, speed 3
a: no special abilities


You were on level 6 of the Dungeon.
You visited 2 branches of the dungeon, and saw 7 of its levels.

You collected 163 gold pieces.

Inventory:

Hand Weapons
 a - a +2 dagger (weapon)
 i - a +0 hunting sling
 o - a +0 long sword
 z - a +0 rapier
Missiles
 d - 23 poisoned darts (quivered)
 e - a curare-tipped dart
 p - 40 arrows
Armour
 b - a +0 robe (worn)
 c - a +0 cloak (worn)
 y - a +2 buckler (worn)
Jewellery
 m - a +6 ring of strength (left hand)
 w - a +6 ring of strength (right hand)
 C - a ring of flight
Scrolls
 f - 3 scrolls of teleportation {unknown}
 j - 2 scrolls of amnesia {unknown}
 k - a scroll of silence {unknown}
 l - 5 scrolls of identify {unknown}
 n - a scroll of holy word {unknown}
 s - 2 scrolls of vulnerability {unknown}
 t - a scroll of fog {unknown}
 x - a scroll of enchant weapon {unknown}
 B - a scroll of enchant armour {unknown}
Potions
 g - 2 potions of heal wounds {unknown}
 h - 2 potions of resistance {unknown}
 q - 2 potions of flight {unknown}
 r - a potion of curing {unknown}
 u - a potion of magic {unknown}
 v - 3 potions of degeneration {unknown}
 A - a potion of lignification {unknown}


   Skills:
 + Level 2.5 Fighting
 * Level 5.7 Short Blades
 - Level 2.0 Throwing
 - Level 3.1 Dodging
 + Level 8.0 Stealth
 + Level 0.7 Shields


You had 5 spell levels left.
You didn't know any spells.
Your spell library contained the following spells:

 Spells                   Type           Power      Damage    Failure   Level
 Corpse Rot               Necr/Air       N/A        N/A       61%         2
 Poisonous Vapours        Pois/Air       0%         N/A       61%         2
 Freezing Cloud           Conj/Ice/Air   0%         6-21      100%        5


Dungeon Overview and Level Annotations

Branches:
Dungeon (6/15)             Temple (1/1) D:5

Altars:
Ashenzari
Cheibriados
Dithmenos
Fedhas
Gozag
Hepliaklqana
Kikubaaqudgha
Makhleb
Nemelex Xobeh
Okawaru
Qazlal
Sif Muna
Trog
Vehumet
Wu Jian
Yredelemnul
The Shining One

Annotations:
D:3 Grinder
D:4 exclusion: downstairs


Innate Abilities, Weirdness & Mutations

You are very small and have problems with some larger weapons.
You are too small for most types of armour.
You have supernaturally acute eyesight. (SInv)
You cover ground extremely quickly. (Speed+++)


Message History

(D) Dungeon (T) Temple
Where to? (Enter - Temple @ (x,y), ? - help)
There is a stone staircase leading down here.
You climb downwards.
There is a stone staircase leading up here.
Unknown command.
l - 4 scrolls labelled PAINNE JARYLL (gained 1)
Found an escape hatch in the ceiling.
You now have 136 gold pieces (gained 10).
Found a stone staircase leading down.
Found an escape hatch in the floor.
l - 5 scrolls labelled PAINNE JARYLL (gained 1)
Found a stone staircase leading down.
C - a ring of flight You feel stronger.
m - a +6 ring of strength (left hand)
You feel stronger.
w - a +6 ring of strength (right hand)
You now have 151 gold pieces (gained 15).
A shadow imp comes into view.
A shadow imp is nearby!
A shadow imp is nearby!
A shadow imp is nearby!
A shadow imp is nearby!
Found 12 gold pieces.
Found 11 poisoned darts.
The helpless shadow imp fails to defend itself.
You stick the shadow imp like a pincushion!!!
You kill the shadow imp!
Your Stealth skill increases to level 8!
No target in view!
d - 23 poisoned darts (gained 11)
You now have 163 gold pieces (gained 12).
An ogre comes into view. It is wielding a +0 giant spiked club.
An ogre is nearby!
An ogre is nearby!
An ogre is nearby!
The ogre hits you with a +0 giant spiked club!!!
Ouch! That really hurt!
You die...

......###.#####...## #....##
##.........#
#.###.###.#####....# #.#
##.#.## ##.#.##
...####.########....#####
.........##.............#
...#.###.............##.#
#.##.##.....####.#.#.##.#
#....##.##### #@#.#.##.#
###..##.# #O#.#.##.# #..##.###
##.#.#.##.## #..##...
..#.#.#.#.##
###..##.########.#.#..###.##
.##........>..##...#.#####.####
........#####.###..#..#.......#
..............# #..#.#..#####.#
.##.###.#.###.###..#.##.# #.#


You could see an ogre.

Vanquished Creatures
  A necrophage (D:4)
  A scorpion (D:4)
  A bullfrog zombie (D:3)
  A hound (D:5)
  A centaur skeleton (D:4)
  10 adders
  A shadow imp (D:6)
  An adder skeleton (D:4)
  A worm (D:3)
  6 dart slugs
  An orc (D:3)
  6 ball pythons
  13 endoplasms
  7 giant cockroaches
  6 goblins
  5 hobgoblins
  3 jackals (D:3)
  2 quokkas
  7 bats
  6 frilled lizards
  13 kobolds
  12 rats
105 creatures vanquished.

Vanquished Creatures (others)
  2 plants (D:5)
2 creatures vanquished.

Grand Total: 107 creatures vanquished

Notes
Turn   | Place    | Note
-------+----------+-------------------------------------------
     0 | D:1      | hatdisgam the Spriggan Brigand began the quest for the Orb.
     0 | D:1      | Reached XP level 1. HP: 10/10 MP: 2/2
    97 | D:1      | Reached skill level 6 in Stealth
   254 | D:1      | Reached XP level 2. HP: 14/14 MP: 3/3
  1364 | D:1      | Reached XP level 3. HP: 16/18 MP: 4/4
  1420 | D:1      | Found a faded altar of an unknown god.
  2142 | D:2      | Reached XP level 4. HP: 6/22 MP: 5/5
  3691 | D:3      | Noticed Grinder
  3769 | D:4      | Found an iron altar of Okawaru.
  3982 | D:4      | Reached skill level 7 in Stealth
  3982 | D:4      | Reached XP level 5. HP: 9/26 MP: 6/6
  4950 | D:4      | Noticed a necrophage
  5121 | D:5      | Entered Level 5 of the Dungeon
  5124 | D:5      | Noticed a water moccasin
  5360 | D:4      | Killed a necrophage
  5361 | D:4      | Reached skill level 5 in Short Blades
  5572 | D:4      | Reached XP level 6. HP: 30/30 MP: 7/7
  7156 | D:5      | Found a staircase to the Ecumenical Temple.
  7431 | Temple   | Entered the Ecumenical Temple
  7767 | D:6      | Reached skill level 8 in Stealth
  7800 | D:6      | Slain by an ogre

Illustrated notes

Levels and vault maps discovered:
D:1:      dpeg_arrival_ratfight, layout_basic, basic_ecumenical_altar
D:2:      layout_basic, minmay_strange_pillars
D:3:      layout_loops_cross, kennysheep_generic_room_11, uniq_grinder
D:4:      layout_basic, okawaru_ov_weapons_minmay
D:5:      layout_basic, minmay_temple_entry_gardened_gates, uniq_duvessa
D:6:      layout_loops_ring, elyvilon_altar_5
Temple:   eino_temple_scatter_basement

Skill      XL: |  1  2  3  4  5  6 |
---------------+-------------------+-----
Stealth        | 6 7 8 |  8.0
Dodging        | 2 3 |  3.1
Short Blades   | 3 4 5 |  5.7
Fighting       | 2 |  2.5
Throwing       | |  2.0
Shields        | |  0.7

Action                   |  1- 3 |  4- 6 || total
-------------------------+-------+-------++-------
Melee: Dagger            |   132 |   297 ||   429
Throw: Dart              |     1 |    28 ||    29
 Stab: Sleeping          |    15 |    27 ||    42
Armor: Robe              |     9 |    41 ||    50
Dodge: Dodged            |    77 |   158 ||   235
Block: Buckler           |       |    11 ||    11

Table legend: (Time is in decaauts)
 A = Elapsed time spent in this place.
 B = Non-inter-level travel time spent in this place.
 C = Inter-level travel time spent in this place.
 D = Time resting spent in this place.
 E = Time spent auto-exploring this place.
 F = Levels seen in this place.
 G = Mean time per level.
                   A        B        C        D        E       F      G
               +--------+--------+--------+--------+--------+-----+--------+
         Total |   6000 |   5720 |    280 |   1951 |   2771 |   7 |  857.1 |
       Dungeon |   5876 |   5607 |    269 |   1951 |   2668 |   6 |  979.3 |
        Temple |    123 |    112 |     11 |      0 |    102 |   1 |  123.0 |
               +--------+--------+--------+--------+--------+-----+--------+

Top non-repeatable levels by time:
     D:4: 2022 daAuts
     D:1: 1611 daAuts
     D:2: 966 daAuts
     D:3: 854 daAuts
     D:5: 332 daAuts
  Temple: 123 daAuts
     D:6: 89 daAuts
